 Dungeon Crawl Stone Soup version 0.31-a0-426-g3a05650e59 (webtiles) character file.

Game seed: 3944886626272929439

4391 CraigForest the Grappler (level 10, -4/58 HPs)
             Began as a Gargoyle Fighter on July 30, 2023.
             Was the Champion of Jiyva.
             Slain by a culicivora (shapeshifter) (18 damage)
             ... on level 9 of the Dungeon.
             The game lasted 00:27:24 (6427 turns).

CraigForest the Grappler (Gargoyle Fighter)         Turns: 6427, Time: 00:27:24

Health: -4/58      AC: 22    Str: 31    XL:     10   Next: 35%
Magic:  10/10      EV: 11    Int:  9    God:    Jiyva [******]
Gold:   296        SH:  6    Dex: 18    Spells: 5/9 levels left

rFire   . .          .
                       - Unarmed
rCold   + . .        b - +0 buckler
rNeg    + . .        o - +2 chain mail of Existentialism {Str+3 Dex+2}
rPois   ∞            (helmet unavailable)
rElec   +            (no cloak)
rCorr   +            k - +0 pair of gloves {Dex+3}
SInv    .            g - +0 pair of boots
Will    .....        (no amulet) Stlth
                     y - +6 ring of strength
HPRegen 1.89/turn    (no ring)
MPRegen 0.62/turn

%: clarity
@: mighty, slowed, very slow
A: sickness immunity, AC +7, negative energy resistance 1, electricity
resistance, torment resistance 1, petrification resistance, horns 3, agile 1,
clarity, cold resistance 1, tendrils
a: Renounce Religion, Oozemancy, Slimify


You were on level 9 of the Dungeon.
You worshipped Jiyva.
Jiyva was exalted by your worship.
You visited 2 branches of the dungeon, and saw 10 of its levels.

You collected 296 gold pieces.

Inventory:

Hand Weapons
 n - a +0 trident
Missiles
 i - 6 javelins
 r - 16 poisoned darts
Armour
 a - a +0 scale mail
 b - a +0 buckler (worn)
 g - a +0 pair of boots (worn)
 k - a +0 pair of gloves of dexterity (worn)
 o - the +2 chain mail of Existentialism (worn) {Str+3 Dex+2}
   (You found it on level 3 of the Dungeon)

   Str:       It affects your strength (+3).
   Dex:       It affects your dexterity (+2).
Jewellery
 y - a +6 ring of strength (left hand)
Talismans
 l - a serpent talisman
Wands
 p - a wand of quicksilver (7) (quivered)
 x - a wand of iceblast (7)
Scrolls
 d - a scroll of vulnerability {unknown}
 e - a scroll of amnesia
 f - 3 scrolls of immolation {unknown}
 j - 3 scrolls of teleportation {unknown}
 m - a scroll of enchant weapon {unknown}
 q - a scroll of acquirement {unknown}
 s - a scroll of silence {unknown}
 t - a scroll of enchant armour {unknown}
 w - 2 scrolls of identify
Potions
 c - 2 potions of brilliance
 h - a potion of invisibility
 u - 2 potions of lignification
 v - a potion of might
 z - a potion of enlightenment


   Skills:
 + Level 4.8 Fighting
 + Level 0.6 Throwing
 + Level 7.3 Armour
 + Level 3.1 Dodging
 + Level 0.1 Stealth
 + Level 6.7 Shields
 + Level 9.3 Unarmed Combat
 * Level 4.5 Shapeshifting


You had 5 spell levels left.
You knew the following spells:

 Your Spells              Type           Power      Damage    Failure   Level
a - Necrotise             Necr           0%         1d4       85%         1
b - Vampiric Draining     Necr           0%         2d6       99%         3

Your spell library contained the following spells:

 Spells                   Type           Power      Damage    Failure   Level
 Static Discharge         Conj/Air       0%         2-2/arc   94%         2
 Dazzling Flash           Conj/Hex       0%         N/A       99%         3
 Airstrike                Air            0%         2d(0-16)  100%        4
 Summon Lightning Spire   Summ/Air       0%         N/A       100%        4
 Agony                    Necr           0%         N/A       100%        5
 Silence                  Hex/Air        0%         N/A       100%        5


Dungeon Overview and Level Annotations

Branches:
Dungeon (9/15)             Temple (1/1) D:5             Orc (0/2) D:9
   Lair: D:8-11

Altars:
Ashenzari
Cheibriados
Dithmenos
Gozag
Hepliaklqana
Kikubaaqudgha
Makhleb
Nemelex Xobeh
Okawaru
Qazlal
Ru
Sif Muna
Trog
Uskayaw
Vehumet
Wu Jian
Xom
Yredelemnul
Zin
The Shining One
Jiyva

Shops:
D:2 (   D:4 (   D:7 **


Innate Abilities, Weirdness & Mutations

You are immune to sickness and miasma.
Your stone body is resilient. (AC +7)
You are immune to poison.
You resist negative energy. (rN+)
You are resistant to electric shocks. (rElec)
You are resistant to unholy torment.
You are immune to petrification.
You have a pair of large horns on your head.
You are agile. (Dex +4, Str/Int -1)
You possess an exceptional clarity of mind.
Your flesh is cold resistant. (rC+)
You are covered in slimy tendrils that may disarm your opponents.


Message History

The gnoll sergeant hits you but does no damage.
You hit the gnoll sergeant but do no damage.
Your headbutt misses the gnoll sergeant.
The gnoll sergeant hits you but does no damage.
Your tendrils lash around the gnoll sergeant's +0 trident and pull it to the ground!
A rime drake comes into view.
You punch the gnoll sergeant! You headbutt the gnoll sergeant.
The gnoll sergeant is severely wounded.
The gnoll sergeant hits you but does no damage.
You punch the gnoll sergeant!
You kill the gnoll sergeant!
You block the killer bee's attack. The yak gores you!
The killer bee barely misses you.
You punch the yak!
The yak is moderately wounded.
The killer bee misses you.
You barely miss the yak. You headbutt the yak!
The yak is severely wounded.
You block the killer bee's attack. The yak gores you but does no damage.
The wraith hits you but does no damage. The killer bee stings you.
The jelly misses the wraith.
You hit the yak but do no damage. You headbutt the yak!
The yak is almost dead.
The killer bee stings you but does no damage.
The culicivora bites you! The yak gores you!
* * * LOW HITPOINT WARNING * * *
The wraith hits you.
* * * LOW HITPOINT WARNING * * *
The wraith drains your vigour!
You feel yourself slow down.
The kobold brigand throws a curare-tipped dart.
The curare-tipped dart hits the jelly.
The killer bee stings you but does no damage.
The jelly hits the wraith but does no damage.
Really quaff the potion of lignification?
Okay, then.
Unknown command.
You feel very mighty all of a sudden. You block the killer bee's attack.
You block the culicivora's attack. The culicivora bites you!!
You die...

#.................
#..................#...
#..................... .
.....J............... ..
#................... ...
#.................K#...#
##......<....>...J..#...
#..............YWk..#..
##..............@y......
.................s......
........................
........................
...................#####
...######..........#
..## ############ .##
##### ## ##..[.


You could see a culicivora, a yak, a rime drake, a wraith, a kobold brigand, a
killer bee and a neutral jelly (wandering) (fellow slime).

Vanquished Creatures
  Pikel (D:4)
  A hornet (D:9)
  2 wyverns (D:9)
  3 yaks (D:9)
  5 humans (D:6)
  A steam dragon (D:6)
  An acid dragon (D:8)
  Duvessa (D:4)
  An ice beast (D:8)
  2 sky beasts (D:7)
  An ogre (D:6)
  2 centaurs (D:8)
  A kobold brigand (D:8)
  5 bullfrogs
  A gnoll sergeant (D:9)
  3 scorpions
  Dowan (D:4)
  5 hounds
  3 orc priests
  A sleepcap (D:6)
  4 iguanas
  Jessica (D:2)
  8 orc wizards
  2 gnolls (D:3)
  7 adders
  A white imp (D:5)
  An ufetubus (D:7)
  2 worms (D:2)
  2 dart slugs (D:3)
  18 orcs
  8 bats
  2 endoplasms (D:1)
  2 giant cockroaches (D:1)
  5 goblins
  7 hobgoblins
  3 jackals
  2 quokkas
  A ball python (D:2)
  4 frilled lizards
  6 kobolds
  7 rats
134 creatures vanquished.

Vanquished Creatures (collateral kills)
  A shadow (D:9)
  An orc warrior (D:9)
  A centaur (D:7)
  3 orcs (D:9)
6 creatures vanquished.

Vanquished Creatures (others)
  A water moccasin (D:9)
  A kobold brigand (D:9)
  A necrophage (D:4)
  A scorpion (D:4)
  A wight (D:9)
  A hound (D:4)
  14 jellies
  4 iguanas
  2 gnolls (D:3)
  An adder (D:6)
  2 shadow imps
  An adder zombie (D:4)
  An endoplasm (D:2)
  3 orcs
  A giant cockroach (D:4)
  3 hobgoblins
  A jackal (D:2)
  3 kobolds
  3 ball pythons
  A bat (D:2)
46 creatures vanquished.

Grand Total: 186 creatures vanquished

Notes
Turn   | Place    | Note
-------+----------+-------------------------------------------
     0 | D:1      | CraigForest the Gargoyle Fighter began the quest for the
                  | Orb.
     0 | D:1      | Reached XP level 1. HP: 14/14 MP: 1/1
    75 | D:1      | Reached XP level 2. HP: 19/19 MP: 2/2
   187 | D:1      | Found a faded altar of an unknown god.
   192 | D:1      | Prayed at the altar of an unknown god.
   192 | D:1      | Became a worshipper of Jiyva Jojido the Shapeless
   192 | D:1      | Reached * piety under Jiyva
   425 | D:1      | Reached XP level 3. HP: 24/24 MP: 3/3
   841 | D:2      | Reached ** piety under Jiyva
   931 | D:2      | Noticed Jessica
   938 | D:2      | Killed Jessica
   997 | D:2      | Reached XP level 4. HP: 29/29 MP: 4/4
  1118 | D:2      | Found Quigapue's Antique Weapon Boutique.
  1158 | D:2      | Gained mutation: You are agile. (Dex +4, Str/Int -1)
                  | [potion of mutation]
  1211 | D:2      | Reached skill level 3 in Unarmed Combat
  1238 | D:2      | Reached XP level 5. HP: 33/33 MP: 5/5
  1633 | D:3      | Reached *** piety under Jiyva
  1636 | D:3      | Gained mutation: Your flesh is cold resistant. (rC+)
                  | [Jiyva's grace]
  1636 | D:3      | Gained mutation: Your flesh is very cold resistant. (rC++)
                  | [Jiyva's grace]
  1636 | D:3      | Gained mutation: Your flesh is almost immune to the effects
                  | of cold. (rC+++) [Jiyva's grace]
  1636 | D:3      | Gained mutation: You are covered in slimy tendrils that may
                  | disarm your opponents. [Jiyva's grace]
  1658 | D:3      | Reached skill level 1 in Shapeshifting
  1686 | D:3      | Learned a level 1 spell: Necrotise
  1690 | D:3      | Learned a level 3 spell: Vampiric Draining
  1763 | D:3      | Reached skill level 1 in Dodging
  2245 | D:3      | Identified the +2 chain mail of Existentialism {Str+3
                  | Dex+2}
  2744 | D:4      | Noticed Duvessa
  2745 | D:4      | Noticed Dowan
  2793 | D:4      | Killed Duvessa
  2794 | D:4      | Reached XP level 6. HP: 32/38 MP: 6/6
  2805 | D:4      | Killed Dowan
  2806 | D:4      | Reached skill level 4 in Unarmed Combat
  2934 | D:4      | Reached **** piety under Jiyva
  2953 | D:4      | Noticed Pikel
  2975 | D:4      | Killed Pikel
  2976 | D:4      | Reached skill level 5 in Unarmed Combat
  2976 | D:4      | Reached XP level 7. HP: 43/43 MP: 7/7
  2976 | D:4      | Reached XP level 8. HP: 48/48 MP: 8/8
  2986 | D:4      | Found Tamnemec's Weapon Shoppe.
  3220 | D:5      | Entered Level 5 of the Dungeon
  3220 | D:5      | Found a staircase to the Ecumenical Temple.
  3240 | Temple   | Entered the Ecumenical Temple
  3377 | D:5      | Found a sparkling altar of Nemelex Xobeh.
  3955 | D:6      | Reached skill level 5 in Shields
  3963 | D:6      | Reached skill level 6 in Unarmed Combat
  3994 | D:6      | Lost mutation: You are agile. (Dex +4, Str/Int -1) [Jiyva's
                  | grace]
  3994 | D:6      | Gained mutation: You are agile. (Dex +4, Str/Int -1)
                  | [Jiyva's grace]
  3994 | D:6      | Gained mutation: You are very agile. (Dex +8, Str/Int -2)
                  | [Jiyva's grace]
  3994 | D:6      | Gained mutation: You expend magic power (3 MP) to
                  | strengthen your wands. [Jiyva's grace]
  3994 | D:6      | Gained mutation: You have a small jelly attached to you
                  | that senses nearby items. [Jiyva's grace]
  4076 | D:6      | Reached skill level 5 in Armour
  4162 | D:6      | Reached ***** piety under Jiyva
  4240 | D:6      | Reached skill level 7 in Unarmed Combat
  4243 | D:6      | Reached XP level 9. HP: 52/52 MP: 9/9
  4724 | D:6      | Found an ornate altar of the Wu Jian Council.
  4733 | D:6      | Found a snail-covered altar of Cheibriados.
  4738 | D:6      | Found a shimmering altar of Xom.
  4776 | D:7      | Found Zin's Purification Station.
  4776 | D:7      | Found a glowing silver altar of Zin.
  4777 | D:7      | Found Rucohami's Gadget Gallery.
  4841 | D:7      | Found a burning altar of Makhleb.
  5028 | D:7      | Found a glowing golden altar of the Shining One.
  5127 | D:7      | Found a broken altar of Ashenzari.
  5237 | D:8      | Found a shadowy altar of Dithmenos.
  5292 | D:8      | Reached skill level 8 in Unarmed Combat
  5381 | D:8      | Found an iron altar of Okawaru.
  5447 | D:8      | Lost mutation: You are very agile. (Dex +8, Str/Int -2)
                  | [Jiyva's grace]
  5447 | D:8      | Lost mutation: Your flesh is almost immune to the effects
                  | of cold. (rC+++) [Jiyva's grace]
  5447 | D:8      | Lost mutation: Your flesh is very cold resistant. (rC++)
                  | [Jiyva's grace]
  5447 | D:8      | Lost mutation: You have a small jelly attached to you that
                  | senses nearby items. [Jiyva's grace]
  5447 | D:8      | Lost mutation: You expend magic power (3 MP) to strengthen
                  | your wands. [Jiyva's grace]
  5447 | D:8      | Gained mutation: You possess an exceptional clarity of
                  | mind. [Jiyva's grace]
  5447 | D:8      | Gained mutation: You have a pair of small horns on your
                  | head. [Jiyva's grace]
  5447 | D:8      | Gained mutation: You have a pair of horns on your head.
                  | [Jiyva's grace]
  5447 | D:8      | Gained mutation: You have a pair of large horns on your
                  | head. [Jiyva's grace]
  5513 | D:8      | Reached ****** piety under Jiyva
  5964 | D:9      | Found a staircase to the Orcish Mines.
  5974 | D:9      | Reached XP level 10. HP: 47/58 MP: 10/10
  6037 | D:9      | Reached skill level 9 in Unarmed Combat
  6427 | D:9      | Slain by a culicivora (shapeshifter)

Illustrated notes

Levels and vault maps discovered:
D:1:      erik_arrival_blinker_ship, layout_loops_ring,
          ebering_ecumenical_altar_rust, nicolae_figureground_pulse
D:2:      layout_loops_ring, serial_shops, shop, serial_bayou_pond_a,
          uniq_jessica
D:3:      layout_basic
D:4:      layout_basic, fedhas_altar_decomposition, serial_shops, shop,
          uniq_duvessa, uniq_natasha, uniq_pikel
D:5:      layout_loops_ring, lemuel_coloured_pillars_altar,
          minmay_temple_entry_grid
D:6:      layout_basic, minmay_overflow_temple_star_quad, minmay_holes,
          grunt_ministairs_14, minmay_ruffians
D:7:      layout_rooms, zin_purify, makhleb_heckhound_becter,
          mainiacjoe_overflow_paths, mainiacjoe_overflow_alcove_1,
          nicolae_shop_gadgets
D:8:      layout_basic, okawaru_ov_weapons_minmay,
          nicolae_dithmenos_the_darkroom
D:9:      cheibrodos_fzero, layout_rooms,
          mainiacjoe_overflow_concentric_impassable, david_orc_3,
          nicolae_two_hexagons, blue_anna_alchemist
Temple:   cyrus_temple_forest

Skill      XL: |  1  2  3  4  5  6  7  8  9 10 |
---------------+-------------------------------+-----
Shields        | 4 5 6 |  6.7
Unarmed Combat | 3 5 7 8 9 |  9.3
Shapeshifting  | 1 2 3 4 |  4.5
Dodging        | 1 2 3 |  3.1
Fighting       | 4 |  4.8
Armour         | 4 5 6 7 |  7.3
Throwing       | |  0.6
Stealth        | |  0.1

Action                     |  1- 3 |  4- 6 |  7- 9 | 10-12 || total
---------------------------+-------+-------+-------+-------++-------
  Melee: Unarmed           |   124 |   238 |   333 |    63 ||   758
         Headbutt          |       |       |     6 |    17 ||    23
  Throw: Dart              |       |     4 |       |       ||     4
  Evoke: Wand              |       |       |     1 |       ||     1
    Use: Scroll            |       |     3 |     3 |     1 ||     7
         Potion            |       |     2 |       |     1 ||     3
 Armour: Scale mail        |    72 |    74 |       |       ||   146
         Chain mail        |       |    69 |   239 |    30 ||   338
  Dodge: Dodged            |    56 |   104 |   156 |    17 ||   333
  Block: Buckler           |    29 |    49 |   103 |    24 ||   205

Table legend: (Time is in decaauts)
 A = Elapsed time spent in this place.
 B = Non-inter-level travel time spent in this place.
 C = Inter-level travel time spent in this place.
 D = Time resting spent in this place.
 E = Time spent auto-exploring this place.
 F = Levels seen in this place.
 G = Mean time per level.
                   A        B        C        D        E       F      G
               +--------+--------+--------+--------+--------+-----+--------+
         Total |   6372 |   5008 |   1364 |      0 |   3654 |  10 |  637.2 |
       Dungeon |   6370 |   5006 |   1364 |      0 |   3654 |   9 |  707.8 |
        Temple |      1 |      1 |      0 |      0 |      0 |   1 |    1.0 |
               +--------+--------+--------+--------+--------+-----+--------+

Top non-repeatable levels by time:
     D:3: 1108 daAuts
     D:6: 850 daAuts
     D:1: 813 daAuts
     D:2: 758 daAuts
     D:8: 755 daAuts
     D:5: 685 daAuts
     D:4: 528 daAuts
     D:9: 453 daAuts
     D:7: 417 daAuts
  Temple: 1 daAuts
